 Dungeon Crawl Stone Soup version 0.27-a0-1090-gb115f176c6 (webtiles) character file.

Game seed: 6186040961723697276

121 scammafunk the Gusty (level 5, 0/37 HPs)
             Began as a Tengu Air Elementalist on Apr 27, 2021.
             Was a Believer of Dithmenos.
             Killed from afar by Sigmund (11 damage)
             ... with a puff of flame
             ... on level 3 of the Dungeon.
             The game lasted 00:10:30 (2560 turns).

scammafunk the Gusty (Tengu Air Elementalist)       Turns: 2560, Time: 00:10:31

Health: 0/37       AC: 22    Str:  8    XL:     5   Next: 5%
Magic:  1/10       EV:  2    Int: 19    God:    Dithmenos [**....]
Gold:   97         SH:  0    Dex: 14    Spells: 2/9 levels left

rFire    . . .     SeeInvis .   e - +1 whip (freeze)
rCold    . . .     Faith    .   (no shield)
rNeg     + + +     Spirit   .   (armour currently unavailable)
rPois    +         Reflect  .   (helmet currently unavailable)
rElec    .         Harm     .   (cloak currently unavailable)
rCorr    .         Rampage  .   (gloves currently unavailable)
Will     .....     NoTele   +   (boots unavailable)
Stlth    ++........             (no amulet)
HPRegen  0.12/turn              (no ring)
MPRegen  0.12/turn              (no ring)

@: tree-form, wreathed by umbra
A: stationary, stasis, torment immunity, boosted hp, (beak), (talons 3), nimble
flight, (antennae 1), clever 1, frail 1
a: Renounce Religion, Shadow Step


You were on level 3 of the Dungeon.
You worshipped Dithmenos.
Dithmenos was pleased with you.
You were a tree.
You visited 1 branch of the dungeon, and saw 3 of its levels.

You collected 97 gold pieces.

Inventory:

Hand Weapons
 c - a +1 whip
 e - a +1 whip of freezing (weapon)
Missiles
 d - 5 boomerangs
Armour
 a - a +1 robe (melded)
Scrolls
 f - a scroll of enchant weapon
Potions
 b - a potion of might
 i - a potion of brilliance


   Skills:
 + Level 3.3 Dodging
 - Level 2.0 Stealth
 + Level 2.9 Spellcasting
 + Level 3.2 Conjurations
 + Level 5.0 Air Magic


You had 2 spell levels left.
You knew the following spells:

 Your Spells              Type           Power      Damage    Failure   Level
a - Shock                 Conj/Air       72%        1d7       2%          1
b - Static Discharge      Conj/Air       18%        N/A       4%          2
c - Airstrike             Air            11%        N/A       19%         4

Your spell library contained the following spells:

 Spells                   Type           Power      Damage    Failure   Level
 Swiftness                Air            22%        N/A       6%          3
 Lightning Bolt           Conj/Air       9%         1d21      61%         5


Dungeon Overview and Level Annotations

Branches:
Dungeon (3/15)

Altars:
Dithmenos

Annotations:
D:3 Sigmund


Innate Abilities, Weirdness & Mutations

You are a tree.
Your roots penetrate the ground, keeping you stationary.
You cannot be teleported.
You are immune to unholy pain and torment.
Your maximum health is greatly increased.
Your equipment is partially melded.
((You have a beak for a mouth.))
((You have claws for feet.))
Your magical nature lets you fly swiftly and evasively.
((You have a pair of small antennae on your head.))
Your mind is acute. (Int +2)
You are frail. (-10% HP)


Message History

Sigmund is heavily wounded.
The zap hits Sigmund.
Sigmund is heavily wounded.
Sigmund misses you.
Sigmund points at you and mumbles some strange words.
The puff of flame hits you!
You are too injured to fight recklessly!
Casting: Shock (safe; 2% risk of failure)
Confirm with . or Enter, or press ? or * to list all spells.
Aiming: Shock (safe; 2% risk of failure)
Press: ? - help, Shift-Dir - straight line, f/p - Sigmund
Aim: Sigmund, wielding a +0 scythe and wearing a +0 robe (heavily wounded, 68% to hit)
The zap hits Sigmund!
Sigmund is severely wounded.
Sigmund points at you and mumbles some strange words.
The magic dart hits you.
* * * LOW HITPOINT WARNING * * *
Casting: Shock (safe; 2% risk of failure)
Confirm with . or Enter, or press ? or * to list all spells.
Aiming: Shock (safe; 2% risk of failure)
Press: ? - help, Shift-Dir - straight line, f/p - Sigmund
Aim: Sigmund, wielding a +0 scythe and wearing a +0 robe (severely wounded, 68% to hit)
The zap hits Sigmund.
Sigmund is severely wounded.
Sigmund casts a spell at himself.
Sigmund flickers and vanishes!
Deactivating autopickup; reactivate with Ctrl-A.
As you read the scroll labelled LOAXEEC JEIGAZUM, it crumbles to dust.
You assume a fearsome visage.
It was a scroll of fear.
You turn into a tree.
Your +1 robe melds into your body.
Your roots penetrate the ground.
You cannot move.
You cannot move.
You cannot move.
A puff of flame appears from out of thin air!
The puff of flame hits you but does no damage.
There is a strange disturbance nearby!
A puff of flame appears from out of thin air!
The puff of flame hits you!
You die...

#.##...........#.#.....####....
#.##...........+.#.......).....
####...........#.........†#.#..
#...........#..........#'#..
#...........#†..............
#...##....[.....#+##........
######............##........
#.........................
#....####♣................
#...).....................
####...#.....#...........#
..{.).....................
..................
#..................
#..................
#.........#........
#.........#...)...


There were no monsters in sight!

Vanquished Creatures
  An orc wizard (D:3)
  3 adders
  A worm (D:2)
  A dart slug (D:1)
  3 orcs (D:3)
  9 ball pythons
  6 endoplasms
  3 giant cockroaches (D:1)
  A goblin (D:3)
  10 hobgoblins
  4 jackals (D:3)
  4 kobolds
  3 quokkas
  3 bats
  2 frilled lizards
  3 rats (D:1)
57 creatures vanquished.

Notes
Turn   | Place    | Note
-------+----------+-------------------------------------------
     0 | D:1      | scammafunk the Tengu Air Elementalist began the quest for
                  | the Orb.
     0 | D:1      | Reached XP level 1. HP: 10/10 MP: 4/4
   293 | D:1      | Reached XP level 2. HP: 15/15 MP: 4/6
   526 | D:1      | Found a faded altar of an unknown god.
   562 | D:1      | Became a worshipper of Dithmenos the Shadowed
   562 | D:1      | Reached * piety under Dithmenos
  1045 | D:1      | Reached XP level 3. HP: 19/19 MP: 4/7
  1542 | D:2      | Gained mutation: You are frail. (-10% HP) [potion of
                  | mutation]
  1542 | D:2      | Gained mutation: You have a pair of small antennae on your
                  | head. [potion of mutation]
  1542 | D:2      | Gained mutation: Your mind is acute. (Int +2) [potion of
                  | mutation]
  1563 | D:2      | Learned a level 2 spell: Static Discharge
  1970 | D:3      | Reached ** piety under Dithmenos
  1971 | D:3      | Reached XP level 4. HP: 20/21 MP: 8/8
  2307 | D:3      | Reached skill level 5 in Air Magic
  2327 | D:3      | Learned a level 4 spell: Airstrike
  2422 | D:3      | Gained mutation: Your magical nature lets you fly swiftly
                  | and evasively. [Tengu growth]
  2422 | D:3      | Reached XP level 5. HP: 25/25 MP: 5/10
  2519 | D:3      | Noticed Sigmund
  2560 | D:3      | Killed from afar by Sigmund

Illustrated notes

Levels and vault maps discovered:
D:1:      lightli_arrival_flooded_house, layout_loops_ring,
          hellmonk_ecumenical_altar_slurped_away
D:2:      layout_rooms
D:3:      layout_basic, general_overflow_altar, hex_tiny, uniq_sigmund

Skill      XL: |  1  2  3  4 |
---------------+-------------+-----
Conjurations   | 2 3 |  3.2
Dodging        | 3 |  3.3
Air Magic      | 5 |  5.0
Stealth        | |  2.0
Spellcasting   | |  2.9

Action                   |  1- 3 |  4- 6 || total
-------------------------+-------+-------++-------
Melee: Hand axe          |     8 |       ||     8
       Kick              |     4 |       ||     4
       Whip              |     2 |     2 ||     4
       Peck              |       |     1 ||     1
 Cast: Shock             |    72 |    46 ||   118
       Airstrike         |       |     1 ||     1
       Static Discharge  |       |     1 ||     1
  Use: Scroll            |     5 |     4 ||     9
       Potion            |     1 |     1 ||     2
 Stab: Sleeping          |     1 |       ||     1
Armor: Robe              |     2 |       ||     2
       Skin              |       |     1 ||     1
Dodge: Dodged            |    12 |     6 ||    18

Table legend: (Time is in decaauts)
 A = Elapsed time spent in this place.
 B = Non-inter-level travel time spent in this place.
 C = Inter-level travel time spent in this place.
 D = Time resting spent in this place.
 E = Time spent auto-exploring this place.
 F = Levels seen in this place.
 G = Mean time per level.
                   A        B        C        D        E       F      G
               +--------+--------+--------+--------+--------+-----+--------+
         Total |   2556 |   2501 |     55 |    159 |   1914 |   3 |  852.0 |
       Dungeon |   2556 |   2501 |     55 |    159 |   1914 |   3 |  852.0 |
               +--------+--------+--------+--------+--------+-----+--------+

Top non-repeatable levels by time:
     D:1: 1236 daAuts
     D:2: 732 daAuts
     D:3: 587 daAuts
